Map: Temple of the Past

Players

Alebay

  • Race: Protoss Protoss
  • Spawn Location: 0:00

MattBarry

  • Race: Protoss Protoss
  • League: Gold
  • Spawn Location: 0:00

VOD

Have the link to the VOD?

Description

Time

  • Played on: Jan. 20, 2023, 6:47 p.m.
  • Length: 26:28
Show
View Real Time Build Order
Export as new Build Order

Alebay Protoss 

Build Orders:  

Get SALT Encoding   

  12  0:02  Probe (Chrono Boost)  
  13  0:16  Probe (Chrono Boost)  
  14  0:25  Pylon  
  14  0:31  Probe (Chrono Boost)  
  15  0:50  Probe (Chrono Boost)  
  15  0:52  Gateway  
  15  0:55  Forge  
  16  1:03  Probe (Chrono Boost)  
  16  1:07  Assimilator  
  17  1:16  Cybernetics Core  
  17  1:18  Probe (Chrono Boost)  
  18  1:32  Probe (Chrono Boost)  
  18  1:35  Pylon  
  19  1:45  Probe (Chrono Boost)  
  20  1:58  Probe (Chrono Boost)  
  21  2:01  Legionnaire  
  24  2:11  Probe (Chrono Boost)  
  24  2:16  Kaldalis' A.I. Personality  
  25  2:24  Probe (Chrono Boost)  
  26  2:31  Pylon  
  26  2:37  Probe (Chrono Boost)  
  27  2:42  Legionnaire  
  27  2:49  Warp Gate  
  30  2:53  Assimilator, Probe (Chrono Boost)  
  31  3:11  Adept  
  34  3:22  Probe (Chrono Boost)  
  34  3:36  Talis' A.I. Personality  
  34  3:39  Probe (Chrono Boost)  
  35  3:49  Purifier Armaments  
  35  4:11  Adept  
  35  4:15  Nexus  
  37  4:28  Probe (Chrono Boost)  
  38  4:45  Probe (Chrono Boost)  
  38  4:47  Pylon  
  39  4:51  Pylon  
  39  4:56  Pylon  
  39  5:15  Gateway  
  39  5:16  Gateway  
  39  5:21  Protoss Ground Weapons Level 1  
  40  5:30  Probe (Chrono Boost)  
  40  5:42  Legionnaire  
  40  5:47  Probe (Chrono Boost)  
  44  6:08  Twilight Council  
  44  6:10  Robotics Facility  
  44  6:13  Robotics Facility, Probe (Chrono Boost)  
  44  6:16  Probe (Chrono Boost)  
  46  6:26  Adept, Probe (Chrono Boost)  
  50  6:33  Probe (Chrono Boost)  
  50  6:44  Probe (Chrono Boost)  
  52  6:50  Probe (Chrono Boost)  
  52  7:05  Probe (Chrono Boost)  
  52  7:09  Probe (Chrono Boost)  
  54  7:24  Protoss Ground Armor Level 1  
  54  7:25  Charge  
  54  7:29  Adept x3  
  60  7:34  Probe (Chrono Boost)  
  60  7:36  Probe (Chrono Boost)  
  62  8:00  Pylon  
  62  8:04  Pylon  
  62  8:05  Assimilator  
  62  8:06  Probe x2 (Chrono Boost)  
  62  8:07  Pylon  
  62  8:08  Assimilator  
  64  8:10  Legionnaire x3  
  64  8:11  Psionic Projection  
  73  8:35  Probe (Chrono Boost)  
  73  8:36  Probe (Chrono Boost)  
  77  8:50  Adept x3  
  77  8:52  Probe (Chrono Boost)  
  77  8:53  Probe (Chrono Boost)  
  77  8:57  Immortal, Empowered Blades  
  87  9:01  Robotics Bay  
  87  9:03  Robotics Facility  
  87  9:07  Gateway  
  87  9:09  Probe (Chrono Boost)  
  56  9:10  Probe (Chrono Boost)  
  89  9:17  Adept x3  
  95  9:30  Taldarin's A.I. Personality  
  95  9:35  Immortal  
  99  9:43  Debilitation System  
  101  9:50  Probe (Chrono Boost)  
  101  9:51  Observation Protocol  
  101  9:52  Probe (Chrono Boost)  
  101  10:04  Pylon  
  101  10:07  Protoss Ground Weapons Level 2  
  101  10:08  Pylon  
  101  10:12  Pylon  
  101  10:13  Pylon  
  101  10:16  Pylon x2  
  101  10:32  Legionnaire x2  
  101  11:02  Gravimetric Overload  
  101  11:05  Warbringer's A.I. Personality  
  101  11:08  Colossus x2  
  113  11:17  Colossus  
  119  11:35  Adept x3  
  119  11:37  Legionnaire  
  125  12:32  Extended Thermal Lance  
  125  12:34  Protoss Ground Armor Level 2  
  125  12:35  Legionnaire x4  
  137  13:01  Legionnaire  
  137  13:02  Legionnaire x3  
  149  13:13  Pylon  
  149  13:17  Pylon  
  149  13:31  Colossus  
  149  13:38  Colossus  
  155  13:45  Legionnaire x2  
  155  13:46  Legionnaire  
  164  13:59  Pylon  
  164  14:02  Pylon  
  164  14:04  Pylon  
  155  14:44  Colossus  
  155  14:46  Colossus  
  167  15:04  Pylon  
  167  15:07  Pylon  
  167  15:08  Protoss Shields Level 1  
  167  15:09  Pylon  
  167  15:12  Photon Cannon  
  167  15:14  Photon Cannon  
  167  15:18  Photon Cannon  
  167  15:33  Pylon  
  167  15:42  Probe (Chrono Boost)  
  167  15:59  Pylon  
  167  16:02  Immortal x2  
  167  16:03  Immortal, Pylon  
  167  16:06  Adept x3, Pylon  
  167  16:07  Legionnaire  
  185  16:53  Photon Cannon  
  185  16:55  Photon Cannon  
  185  16:57  Protoss Ground Weapons Level 3  
  185  16:58  Photon Cannon  
  185  16:59  Photon Cannon  
  185  17:02  Legionnaire x2, Photon Cannon  
  185  17:06  Photon Cannon  
  185  17:09  Photon Cannon  
  185  17:45  Photon Cannon  
  185  17:48  Photon Cannon  
  185  17:51  Photon Cannon  
  185  17:53  Photon Cannon  
  185  17:55  Photon Cannon  
  185  17:57  Photon Cannon  
  185  17:59  Adept x3  
  191  18:41  Pylon  
  191  18:44  Pylon  
  191  18:46  Pylon  
  176  18:52  Legionnaire x3  
  176  18:55  Adept  
  175  19:11  Photon Cannon  
  175  19:13  Photon Cannon  
  175  19:16  Photon Cannon  
  175  19:36  Photon Cannon  
  175  19:39  Photon Cannon  
  175  19:40  Photon Cannon  
  175  19:47  Protoss Ground Armor Level 3  
  175  20:55  Photon Cannon  
  175  20:57  Photon Cannon  
  175  20:59  Photon Cannon  
  175  21:02  Photon Cannon  
  175  21:04  Photon Cannon  
  175  21:06  Photon Cannon x2  
  175  21:10  Photon Cannon  
  175  21:12  Photon Cannon  
  175  21:13  Photon Cannon  
  175  21:38  Photon Cannon  
  175  21:39  Photon Cannon  
  175  21:44  Photon Cannon  
  175  21:53  Photon Cannon  
  175  21:54  Photon Cannon  
  175  21:56  Photon Cannon  
  175  22:03  Adept x4  
  183  22:19  Photon Cannon  
  183  22:21  Photon Cannon  
  183  22:22  Photon Cannon  
  183  22:23  Photon Cannon  
  183  22:24  Photon Cannon  
  183  22:38  Photon Cannon  
  183  22:41  Photon Cannon  
  183  22:44  Protoss Shields Level 2  
  183  22:58  Probe (Chrono Boost)  
  173  23:49  Photon Cannon  
  173  23:51  Photon Cannon  
  173  23:52  Photon Cannon  
  173  23:54  Photon Cannon  
  173  23:56  Photon Cannon  
  173  23:57  Photon Cannon  
  173  24:01  Photon Cannon  
  173  24:02  Photon Cannon  
  173  24:06  Pylon  
  170  24:33  Legionnaire  
  170  24:34  Legionnaire x3  
  173  25:12  Adept x4  
  166  26:01  Photon Cannon x2  
  166  26:04  Photon Cannon  
  166  26:08  Photon Cannon  
  166  26:11  Photon Cannon  
  166  26:15  Photon Cannon  
  166  26:17  Photon Cannon  
Show
View Real Time Build Order
Export as new Build Order

MattBarry Protoss 

Build Orders:  

Get SALT Encoding   

  12  0:04  Probe (Chrono Boost)  
  13  0:18  Probe (Chrono Boost)  
  14  0:32  Pylon  
  14  0:38  Probe (Chrono Boost)  
  15  0:58  Probe (Chrono Boost)  
  16  1:03  Assimilator  
  16  1:10  Gateway  
  16  1:12  Probe (Chrono Boost)  
  17  1:27  Forge  
  18  1:30  Probe (Chrono Boost)  
  18  1:44  Probe (Chrono Boost)  
  19  1:57  Probe (Chrono Boost)  
  20  2:07  Pylon  
  20  2:11  Probe (Chrono Boost)  
  21  2:25  Probe (Chrono Boost)  
  22  2:32  Pylon  
  22  2:34  Supplicant x2  
  26  2:44  Protoss Air Weapons Level 1, Protoss Ground Weapons Level 1  
  26  2:50  Probe (Chrono Boost)  
  26  2:57  Assimilator  
  27  3:04  Probe (Chrono Boost)  
  28  3:18  Probe (Chrono Boost)  
  29  3:25  Photon Cannon  
  29  3:27  Cybernetics Core  
  29  3:38  Supplicant x2  
  33  3:46  Probe (Chrono Boost)  
  34  4:00  Probe (Chrono Boost)  
  34  4:06  Supplicant x2  
  39  4:28  Death Council  
  39  4:32  Robotics Facility  
  39  4:46  Pylon  
  39  4:58  Photon Cannon  
  39  5:06  Gateway  
  39  5:21  Gateway  
  39  5:38  Blood Shields  
  39  5:48  Protoss Shields Level 1  
  39  6:05  Slayer  
  41  6:20  Pylon  
  41  6:30  Pylon  
  41  6:46  Slayer  
  43  6:51  Slayer  
  45  7:05  Gateway  
  45  7:21  Gateway  
  45  7:28  Slayer  
  47  7:45  Photon Cannon  
  47  7:58  Supplicant x2  
  45  8:04  Supplicant x2  
  45  8:05  Supplicant x2  
  57  8:20  Pylon  
  57  8:21  Supplicant x2  
  61  8:52  Nexus  
  61  9:13  Probe (Chrono Boost)  
  62  9:26  Probe (Chrono Boost)  
  63  9:34  Havoc  
  63  9:36  Havoc  
  67  9:40  Probe (Chrono Boost)  
  67  9:42  Slayer  
  64  9:54  Probe (Chrono Boost)  
  65  10:08  Probe (Chrono Boost)  
  66  10:15  Phase Blink  
  66  10:20  Robotics Bay  
  66  10:22  Probe (Chrono Boost)  
  66  10:27  Forge  
  67  10:36  Probe (Chrono Boost)  
  67  10:39  Protoss Air Weapons Level 2, Protoss Ground Weapons Level 2  
  68  10:48  Pylon  
  58  11:25  Slayer x2  
  64  11:31  Slayer  
  64  11:32  Slayer  
  64  11:44  Probe (Chrono Boost)  
  61  11:55  Photon Cannon  
  56  12:01  Probe (Chrono Boost)  
  54  12:18  Probe (Chrono Boost)  
  53  12:25  Probe (Chrono Boost)  
  54  12:36  Protoss Shields Level 2  
  55  12:42  Probe (Chrono Boost)  
  55  12:47  Probe (Chrono Boost)  
  56  12:55  Vanguard  
  56  12:59  Probe (Chrono Boost)  
  57  13:00  Fusion Mortars  
  57  13:01  Probe (Chrono Boost)  
  62  13:15  Probe (Chrono Boost)  
  62  13:16  Probe (Chrono Boost)  
  62  13:17  Robotics Facility  
  64  13:26  Robotics Facility  
  64  13:29  Probe (Chrono Boost)  
  65  13:31  Pylon  
  65  13:40  Vanguard  
  65  13:56  Slayer  
  65  13:59  Slayer  
  69  14:38  Wraithwalker  
  69  14:47  Slayer  
  69  14:48  Slayer  
  79  15:02  Assimilator  
  79  15:04  Assimilator  
  81  15:30  Probe (Chrono Boost)  
  81  15:33  Probe (Chrono Boost)  
  81  15:44  Probe (Chrono Boost)  
  83  15:50  Probe (Chrono Boost)  
  83  15:53  Aerial Tracking  
  83  15:57  Vanguard  
  83  15:58  Probe (Chrono Boost)  
  84  16:07  Probe (Chrono Boost)  
  84  16:08  Vanguard  
  93  16:12  Probe (Chrono Boost)  
  94  16:24  Probe (Chrono Boost)  
  94  16:25  Probe (Chrono Boost)  
  96  16:39  Pylon  
  96  16:48  Pylon  
  96  16:51  Pylon  
  96  16:56  Pylon  
  92  17:13  Wraithwalker  
  92  17:28  Wraithwalker  
  104  17:32  Supplicant x6  
  104  17:33  Supplicant x4  
  126  17:50  Probe (Chrono Boost)  
  126  17:53  Probe (Chrono Boost)  
  126  18:00  Supplicant x4  
  134  18:40  Probe (Chrono Boost)  
  134  18:43  Probe (Chrono Boost)  
  134  18:58  Slayer  
  134  19:04  Probe (Chrono Boost)  
  134  19:09  Supplicant x2  
  133  19:13  Supplicant x2  
  131  19:41  Pylon  
  131  19:44  Pylon  
  131  19:48  Pylon  
  131  19:52  Wraithwalker  
  131  19:54  Pylon  
  131  19:58  Pylon  
  131  20:09  Wraithwalker x2  
  149  20:27  Supplicant x4  
  149  20:28  Supplicant x6  
  169  20:38  Protoss Ground Weapons Level 3, Protoss Air Weapons Level 3  
  167  20:40  Protoss Shields Level 3  
  167  20:49  Forge  
  159  20:53  Wraithwalker  
  117  21:33  Slayer  
  117  21:34  Slayer  
  117  21:35  Slayer x3  
  111  21:53  Wraithwalker x2  
  111  21:54  Wraithwalker  
  129  22:10  Supplicant x2  
  129  22:11  Supplicant x4  
  129  22:12  Supplicant x4  
  149  22:38  Supplicant x2  
  153  22:57  Wraithwalker  
  147  23:11  Wraithwalker x2  
  99  24:10  Wraithwalker  
  99  24:19  Slayer  
  93  24:24  Slayer x2  
  93  24:25  Slayer x2  
  75  25:01  Slayer, Supplicant x2  
  75  25:02  Supplicant x4  
  75  25:06  Slayer  
  102  25:30  Supplicant x4  
  102  25:37  Supplicant x2  
  102  25:43  Supplicant x2  
Tags
 
Commander
AlarakFenix
League
Gold
Matchup
Co-op
Replay Pack
Multiplayer
Add a new tag
Caveats
  • Supply blocks, unpowered buildings, or Contaminate may cause inaccurate times.
  • Supply counts are checked every 10 seconds.